[Event "*** Titled Tuesday Blitz"]
[Site "Chess.com"]
[Date "2020.10.27"]
[Round "10"]
[White "alexrustemov"]
[Black "Guenplen"]
[Result "1/2-1/2"]
[WhiteElo "2676"]
[BlackElo "2836"]
[TimeControl "180+1"]
[EndTime "11:57:56 PDT"]
[Termination "Game drawn by repetition"]

1. d4 d5 2. c4 e6 3. Nc3 a6 4. cxd5 exd5 5. Nf3 Nf6 6. Bg5 Be6 7. e3 Nbd7 8. Bd3 h6 9. Bh4 g5 10. Bg3 Nh5 11.
O-O Nxg3 12. hxg3 Bg7 13. b4 c6 14. a4 h5 15. b5 axb5 16. axb5 Rxa1 17. Qxa1 h4 18. bxc6 bxc6 19. gxh4 g4 20. Ng5 Rxh4 21. Nxe6 fxe6 22. g3 Rh6 23. Qd1 Qg5 24. Kg2 e5 25. Ne2 Qf6 26. Ng1 exd4 27. Qxg4 Ne5 28. Qc8+ Kf7 29.
Bf5 d3 30. Nh3 Rh8 31. Qb7+ Qe7 32. Qb1 d2 33. Qc2 Nc4 34. Bd3 Qb4 35. Bxc4 Qxc4 36.
Qxd2 Qe4+ 37. f3 Qf5 38. Nf2 Be5 39. f4 Bf6 40. Qd3 Qxd3 41. Nxd3 Rb8 42. Rc1 Rb3 43.
Rd1 Rc3 44. Kf3 Ke6 45. g4 Bg7 46. Ke2 Rc2+ 47. Rd2 Rc3 48. Ne1 Bf8 49. Rc2 Rxc2+ 50. Nxc2 c5 51. Kd3 Be7 52. Ne1 Bf6 53. Nf3 c4+ 54.
Kd2 Bg7 55. Nd4+ Bxd4 56. exd4 Kf6 57. Ke3 Kg6 58. Kf3 Kf6 59. Ke3 Kg6 60. f5+ Kg5 61.
Kf3 Kf6 62. Kf4 Kf7 63. g5 Kg7 64. f6+ Kg6 65. Ke3 Kf7 66. Kd2 Kg6 67. Kc3 Kf7 68.
Kb4 Ke6 69. Kc3 Kf7 70. Kd2 Kg6 71. Ke3 Kf7 72. Kd2 1/2-1/2

[Event "*** Titled Tuesday Blitz"]
[Site "Chess.com"]
[Date "2020.10.27"]
[Round "10"]
[White "fireheart92"]
[Black "Semetey"]
[Result "0-1"]
[WhiteElo "2832"]
[BlackElo "2567"]
[TimeControl "180+1"]
[EndTime "11:57:56 PDT"]
[Termination "Semetey won by resignation"]

1. d4 Nf6 2. c4 g6 3. Nc3 d5 4. cxd5 Nxd5 5. e4 Nxc3 6. bxc3 Bg7 7. Bc4 O-O 8. Ne2 c5 9. O-O Nc6 10. Be3 Qc7 11. Rc1 Rd8 12. h4 b6 13. h5 e6 14. h6 Bh8 15. Bf4 Qe7 16. Bb5 Bb7 17. Bxc6 Bxc6 18. f3 Bb5 19. c4 Ba6 20. d5 exd5 21.
exd5 Re8 22. Re1 Qh4 23. Qd2 Bf6 24. Bg3 Qh5 25. Nc3 Bd4+ 26. Bf2 Bxf2+ 27. Qxf2 Bxc4 28. Ne4 Rxe4 29. fxe4 Bd3 30. Qf4 c4 31. e5 Rd8 32. e6 fxe6 33. dxe6 Rf8 34. Qd4 Qxh6 35. Rf1 Re8 36. Rfe1 Qg7 37. Qd5 Qe7 38. Re3 Kg7 39.
Qd4+ Qf6 40. Qd6 Re7 41. Rce1 h5 42. Rf3 Bf5 43. Rfe3 c3 44. Rxc3 Rxe6 45. Rxe6 Bxe6 46. Rc7+ Kh6 47. Qd2+ g5 48. Rxa7 Kg6 49. Qf2 Bf5 50. Rb7 Qa1+ 51. Kh2 Qe5+ 52. Qg3 Qxg3+ 53. Kxg3 h4+ 54.
Kf2 Kh5 55. Rxb6 h3 56. Rb4 h2 57. Rb8 Kh6 58. Rh8+ Bh7 59. Rf8 h1=Q 60. Rf6+ Bg6 61. Rf3 Qa1 62. Kg3 Kg7 63. Rf2 Qe1 64. Kf3 Bh5+ 65. Kg3 Qe3+ 0-1

[Event "*** Titled Tuesday Blitz"]
[Site "Chess.com"]
[Date "2020.10.27"]
[Round "10"]
[White "boasovietica"]
[Black "WhiteKnight2612"]
[Result "1/2-1/2"]
[WhiteElo "2513"]
[BlackElo "2590"]
[TimeControl "180+1"]
[EndTime "11:57:57 PDT"]
[Termination "Game drawn by repetition"]

1. e4 e5 2. Nf3 Nc6 3. Bb5 a6 4. Ba4 Nf6 5. O-O Be7 6. d3 b5 7.
Bb3 d6 8. a3 Na5 9. Ba2 c5 10.
Nc3 O-O 11. Bg5 Be6 12. Bxf6 Bxf6 13. Nd5 Bxd5 14. Bxd5 Ra7 15. a4 b4 16. Nd2 g6 17. Nc4 Nxc4 18. dxc4 a5 19. Qe2 Kg7 20. Rad1 Bg5 21. Rd3 h5 22. Rfd1 Be7 23. g3 h4 24. Qg4 Qc8 25. Qxc8 Rxc8 26. b3 Rh8 27. Kg2 Rc7 28. Rf3 f6 29. g4 Ra7 30. Kh3 Raa8 31.
Be6 Rad8 32. Rfd3 g5 33. Bf5 Kf7 34. Kg2 Bf8 35. h3 Ke7 36. Kf3 Bh6 37. Rd5 Bf8 38.
Ke2 Bg7 39. R1d3 Rhf8 40. Kd1 Rh8 41. Kc1 Rhf8 42. Kb2 Rh8 43. Bg6 Rhf8 44. Bf5 Rg8 45. f3 Rh8 46. Ka2 Bf8 47. Rd1 Rg8 48. R1d3 Ke8 49.
Rd1 Rg7 50. R5d3 Rc7 51. Rd5 Be7 52. R1d3 Kf8 53. Rd1 Rc6 54. R1d3 Rb8 55. Rd1 Ke8 56. R1d3 Kd8 57. Bg6 Kc7 58. Bf5 Rcb6 59. Rd1 Bf8 60.
R1d3 Bh6 61. Bg6 Rg8 62. Bf5 Bf8 63. Be6 Rg7 64. Bf5 Re7 65. Rd1 Rg7 66. R1d3 Be7 67.
Rd1 Kc6 68. R1d3 Rb8 69. Rd1 Rd8 70. R1d3 Bf8 71. Rd1 Ra7 72. R1d3 Be7 73. Rd1 Rh8 74. R1d3 Raa8 75. Rd1 Rh6 76. R1d3 Rah8 77. Rd1 Rb8 78.
R1d3 Rhh8 79. Rd1 Rhd8 80. R1d3 Rb6 81. Rd1 Rbb8 82. R1d3 Ra8 83. Rd1 Ra7 84. R1d3 Rc7 85. Rd1 Kb6 86. R1d3 Rc6 87. Rd1 Kc7 88. R1d3 Rb6 89.
Rd1 Rbb8 90. R1d3 Rb6 91. Rd1 Ra6 92. R1d3 Bf8 93. Rd1 Be7 94. R1d3 Rb6 1/2-1/2

[Event "*** Titled Tuesday Blitz"]
[Site "Chess.com"]
[Date "2020.10.27"]
[Round "10"]
[White "Caterpiller35"]
[Black "garicradomir"]
[Result "1-0"]
[WhiteElo "2462"]
[BlackElo "2335"]
[TimeControl "180+1"]
[EndTime "11:58:02 PDT"]
[Termination "Caterpiller35 won by resignation"]

1. d4 Nf6 2. Bg5 Ne4 3. Bf4 c5 4. f3 Nf6 5. dxc5 b6 6. Nc3 bxc5 7. e4 d6 8. Qd2 Nc6 9. Bc4 Rb8 10. b3 e5 11. Bg5 Be6 12. Bd5 Nd4 13. Nge2 Be7 14. h4 h6 15. Be3 Nxd5 16. exd5 Bf5 17. Bxd4 cxd4 18. Ne4 Bxh4+ 19. g3 Bxe4 20. fxe4 Bg5 21. Qd3 Rc8 22. O-O O-O 23. c4 dxc3 24. Nxc3 Qa5 25. Rf3 Rc7 26. Raf1 Rfc8 27. Na4 f6 28. Kg2 Rc2+ 29. R1f2 Rc1 30. Rf1 R8c2+ 31. R3f2 Rxf1 32. Qxf1 Rxf2+ 33. Qxf2 Qb4 34. Qc2 Kh7 35. Kf3 Qe1 36. Qe2 Qh1+ 37. Qg2 Qh5+ 38. Kf2 Qe8 39. Qf3 g6 40.
Qc3 h5 41. Qc7+ Kh6 42. Qxd6 Qc8 43. Nc5 h4 44. gxh4 Bxh4+ 45. Ke2 Qg4+ 46. Kd3 Bg5 47. Ne6 Qf3+ 48. Kc4 Qxe4+ 49. Kb5 Be3 50. Qf8+ Kh5 51.
Qh8+ Kg4 52. Qxf6 Qxd5+ 53. Kb4 Bd2+ 54. Ka3 Qa5+ 55. Kb2 Qc3+ 56. Ka3 Bc1+ 57. Ka4 Qc6+ 58. Kb4 Bd2+ 59. Ka3 Qa6+ 60. Kb2 Qe2 61. Qxg6+ Kf3 62. Qh5+ Ke3 63. Qxe5+ Kf2 64. Qxe2+ Kxe2 65. Kc2 Bb4 66.
Nd4+ Ke3 67. Nc6 a5 68. a4 Ke4 69. Nxb4 Kd4 70. Nd3 Kd5 71. Kc3 Kc6 72. Nb2 Kc5 73. Nc4 Kc6 74. Nxa5+ Kb6 75. Nc4+ Kc5 76. Nb2 1-0

[Event "*** Titled Tuesday Blitz"]
[Site "Chess.com"]
[Date "2020.10.27"]
[Round "10"]
[White "RobertoJBM"]
[Black "Legendinunknown"]
[Result "0-1"]
[WhiteElo "2783"]
[BlackElo "2678"]
[TimeControl "180+1"]
[EndTime "11:58:05 PDT"]
[Termination "Legendinunknown won by resignation"]

1. d4 d5 2. c4 c6 3. Nf3 Nf6 4. Qc2 g6 5. Bf4 Bg7 6. e3 O-O 7. Nc3 Bf5 8. Qb3 Qb6 9. Qxb6 axb6 10. cxd5 cxd5 11. Nh4 Bd7 12. Bb5 Nc6 13. Nf3 Ra5 14. O-O Nb4 15. Bxd7 Nxd7 16. Rfd1 Rfa8 17. a3 Nc6 18.
Rac1 e6 19. Bd6 Bf8 20. Bxf8 Kxf8 21. Kf1 b5 22. Na2 Ke7 23. Ne1 b4 24. Nxb4 Nxb4 25. axb4 Ra2 26. Nd3 Kd6 27. Rc2 Nb6 28. Rdc1 Nc4 29.
Ke2 f6 30. h4 e5 31. b3 Rxc2+ 32. Rxc2 Na3 33. dxe5+ fxe5 34. Ra2 Ra7 35. Nc5 b6 36. Na4 Nb5 37. Rc2 Rb7 38. Kd3 e4+ 39. Kd2 h6 40. f3 exf3 41. gxf3 d4 42. Rc4 dxe3+ 43. Kxe3 g5 44. hxg5 hxg5 45. Rg4 Re7+ 46. Kf2 Kc7 47. Rxg5 Nd4 48. Nc3 Kb7 49. Nd5 Re2+ 50. Kg3 b5 51. Rg6 Rd2 52. Nc3 Rd3 53. Ne4 Rxf3+ 54. Kg4 Re3 55.
Kf4 Re1 56. Nc5+ Kc7 57. Rd6 Kxd6 58. Nd3 Rb1 59. Ke4 Nxb3 60. Nf4 Nd2+ 61. Kd3 Nc4 62. Ne2 Rxb4 63. Nd4 Kc5 64. Ne6+ Kb6 65. Nd4 Ra4 66. Kc3 Ra3+ 67. Kb4 Ra4+ 68. Kc3 Nd6 69. Nb3 Rc4+ 70. Kb2 b4 0-1

[Event "*** Titled Tuesday Blitz"]
[Site "Chess.com"]
[Date "2020.10.27"]
[Round "10"]
[White "Yashasd1995"]
[Black "Chessdreamer2020"]
[Result "1/2-1/2"]
[WhiteElo "2549"]
[BlackElo "2471"]
[TimeControl "180+1"]
[EndTime "11:58:06 PDT"]
[Termination "Game drawn - timeout vs insufficient material"]

1. b3 c5 2. Bb2 Nc6 3. e3 d5 4. f4 Nf6 5. Nf3 a6 6. Be2 e6 7. O-O Be7 8. Ne5 O-O 9. c4 d4 10. Nxc6 bxc6 11. Bf3 Bb7 12. e4 e5 13. fxe5 Nd7 14. e6 fxe6 15. Bg4 Rxf1+ 16. Qxf1 Nf8 17. d3 e5 18. Nd2 Bc8 19. Bxc8 Qxc8 20. Qf5 Qe6 21.
Rf1 g6 22. Qxe6+ Nxe6 23. g3 a5 24. Rb1 a4 25. bxa4 Rxa4 26. a3 Kf7 27. Bc1 Ke8 28. Rb8+ Kd7 29. Rb7+ Nc7 30. Nf3 Bd6 31. Ng5 h5 32.
Nf7 Ra8 33. h4 Rc8 34. Kg2 Ke7 35. Ng5 Kf6 36. Nf3 Ra8 37. Rb6 Ra6 38. Rxa6 Nxa6 39. Bg5+ Ke6 40. Bd8 Kd7 41. Bb6 Kc8 42. Ng5 Kd7 43.
Nf7 Bb8 44. Nh8 Ke6 45. Nxg6 Kf7 46. Nxe5+ Bxe5 47. a4 Bd6 48. Kf3 Kf6 49. g4 hxg4+ 50. Kxg4 Nb4 51. a5 Nxd3 52. a6 Bb8 53. a7 Bxa7 54.
Bxa7 Ne5+ 55. Kf4 Nxc4 56. Bxc5 d3 57. Bd4+ Kf7 58. Kf3 d2 59. Ke2 Ke6 60. h5 Kf7 61.
Bc3 Kg8 62. Bxd2 Kh7 63. Bf4 c5 64. h6 Nb6 65. Kd3 Nd7 66. Kc4 Nf6 67. e5 Nh5 68. Be3 Ng3 69. Kxc5 Nf5 70. Bf4 Nxh6 1/2-1/2

[Event "*** Titled Tuesday Blitz"]
[Site "Chess.com"]
[Date "2020.10.27"]
[Round "10"]
[White "PaulfromSPb"]
[Black "AnishOnYoutube"]
[Result "0-1"]
[WhiteElo "2722"]
[BlackElo "2959"]
[TimeControl "180+1"]
[EndTime "11:58:12 PDT"]
[Termination "AnishOnYoutube won by resignation"]

1. d4 Nf6 2. Bf4 c5 3. e3 e6 4. c3 Be7 5. Nd2 O-O 6. h3 b6 7. Ngf3 cxd4 8. cxd4 Ba6 9. Be2 d6 10. O-O Qd7 11. Rc1 Bxe2 12. Qxe2 Rc8 13. Rxc8+ Qxc8 14. Nb3 Qb7 15. Rc1 Nbd7 16. Bg5 Rc8 17. Qd1 h6 18.
Bxf6 Nxf6 19. Rxc8+ Qxc8 20. Qc1 Qb7 21. Nbd2 d5 22. Ne5 Bd6 23. Nd3 Qa6 24. Qb1 Ne4 25. Nf3 f6 26. a3 Qc4 27. Nfe1 Kf7 28. Qc2 Qxc2 29. Nxc2 Nd2 30. f3 e5 31. a4 e4 32.
fxe4 dxe4 33. Nc1 Ke6 34. Kf2 Nc4 35. b3 Na5 36. Ke2 h5 37. Kd2 f5 38. Kc3 g5 39.
Ne2 f4 40. Ne1 a6 41. h4 fxe3 42. hxg5 Kf5 43. Nc2 Kxg5 44. Nxe3 b5 45. axb5 axb5 46. d5 Bc5 47. Nc2 Nb7 48. b4 Bb6 49. Ned4 Nd6 50. Kd2 Kf4 51. Ke2 Ke5 52. Ne6 h4 53. Ng5 Kxd5 54.
Nh3 Nf5 55. Nf4+ Kc4 56. Ng6 Kc3 57. Kd1 e3 58. Nf4 Ng3 59. Ne1 Kxb4 60. Ned3+ Kc4 61.
Ne5+ Kd4 62. Nc6+ Ke4 63. Ne2 Nxe2 64. Kxe2 Bc5 65. Na5 b4 66. Nb3 Bb6 67. Nc1 Kd4 68. Kd1 Kc4 69. Kc2 Bd4 70. Ne2 b3+ 71. Kd1 Be5 72.
Kc1 Kd3 73. Ng1 e2 74. Nf3 Bc3 75. Kb1 Ke3 76. Ne1 Bxe1 0-1

[Event "*** Titled Tuesday Blitz"]
[Site "Chess.com"]
[Date "2020.10.27"]
[Round "10"]
[White "Korchmar_Vasiliy"]
[Black "aleksey1203borisovi4"]
[Result "1-0"]
[WhiteElo "2619"]
[BlackElo "2509"]
[TimeControl "180+1"]
[EndTime "11:58:16 PDT"]
[Termination "Korchmar_Vasiliy won by checkmate"]

1. e4 g6 2. d4 Bg7 3. Nc3 d6 4. g3 Nc6 5. Nge2 h5 6. h3 e5 7.
Be3 exd4 8. Nxd4 Bd7 9. Bg2 Nf6 10. Qd2 O-O 11. O-O-O a6 12. Bg5 Qc8 13. Nb3 Be6 14.
Kb1 a5 15. Nd5 Bxd5 16. exd5 Nb4 17. a3 Na6 18. g4 h4 19. Bxh4 a4 20. Nd4 Nc5 21.
Rhe1 b5 22. Nc6 Qb7 23. Qf4 Nh7 24. Be7 Rfe8 25. h4 b4 26. Qxb4 Qc8 27. h5 g5 28.
Be4 Nxe4 29. Rxe4 Ra6 30. c3 Rb6 31. Qxa4 f5 32. Re6 Nf8 33. Rde1 Nxe6 34. Rxe6 Rxc6 35. Qxc6 Kf7 36. h6 Be5 37. Bxg5 Rxe6 38. dxe6+ Kxe6 39. gxf5+ Kxf5 40. Be3 Kg6 41. Qe4+ Kh5 42. Qh1+ Kg6 43. Qg2+ Kh7 44. Qe4+ Kh8 45. Qg6 Qg8 46. Qxg8+ Kxg8 47. Kc2 Kf7 48. a4 Ke6 49. a5 c5 50.
a6 Kd7 51. a7 Kc7 52. a8=Q d5 53. Qxd5 Bd6 54. h7 c4 55. h8=Q Bc5 56. Qhe5+ Kb6 57. Qxc5+ Ka6 58. Qxc4+ Kb7 59. Qcd4 Ka8 60. f4 Kb7 61. f5 Ka8 62. f6 Kb7 63. Kd3 Kc6 64.
Ke4 Kb7 65. Kf3 Kc6 66. c4 Kb7 67. b4 Kc6 68. Qh4 Kb7 69. Qeh2 Kc6 70. Q4h3 Kb7 71. Kg3 Kc6 72. Bc1 Kd6 73. f7 Ke5 74. f8=Q Kd4 75. c5 Kc3 76. c6 Kb3 77. c7 Ka4 78. c8=Q Kb5 79. Qfc5+ Ka4 80. b5 Kb3 81. b6 Ka4 82. b7 Kb3 83. b8=Q+ Ka4 84. Qa6# 1-0

[Event "*** Titled Tuesday Blitz"]
[Site "Chess.com"]
[Date "2020.10.27"]
[Round "11"]
[White "KacperPolOK"]
[Black "nubair1198"]
[Result "0-1"]
[WhiteElo "2435"]
[BlackElo "2802"]
[TimeControl "180+1"]
[EndTime "12:00:02 PDT"]
[Termination "nubair1198 won by resignation"]

1. e4 g6 2. d4 Bg7 3. Nc3 c6 4. Nf3 d6 5. h3 Nf6 6. Be3 O-O 7. Qd2 Qa5 8. O-O-O b5 9. Kb1 b4 10. Ne2 Nxe4 11. Qd3 Bf5 12. Qb3 Be6 0-1

[Event "*** Titled Tuesday Blitz"]
[Site "Chess.com"]
[Date "2020.10.27"]
[Round "11"]
[White "sopo-tereladze"]
[Black "gui_borba"]
[Result "0-1"]
[WhiteElo "2313"]
[BlackElo "2440"]
[TimeControl "180+1"]
[EndTime "12:00:23 PDT"]
[Termination "gui_borba won by resignation"]

1. e4 c6 2. d4 d5 3. Nc3 dxe4 4. Nxe4 Nf6 5. Nxf6+ exf6 6. Nf3 Bd6 7. Bd3 O-O 8.
Be3 Re8 9. Qd2 Nd7 10. O-O-O Nf8 11. Kb1 Be6 12. h3 b5 13. g4 Bd5 14. Be2 a5 15.
Rhg1 a4 16. a3 Rb8 17. c3 Ne6 18. Ka1 Qe7 19. Rde1 Bxa3 20. bxa3 Qxa3+ 21. Kb1 b4 22. c4 Be4+ 0-1

[Event "*** Titled Tuesday Blitz"]
[Site "Chess.com"]
[Date "2020.10.27"]
[Round "11"]
[White "Onischuk_V"]
[Black "Oleksandr_Bortnyk"]
[Result "0-1"]
[WhiteElo "2817"]
[BlackElo "2920"]
[TimeControl "180+1"]
[EndTime "12:01:06 PDT"]
[Termination "Oleksandr_Bortnyk won by resignation"]

1. e4 Nf6 2. e5 Nd5 3. d4 d6 4. Nf3 dxe5 5. Nxe5 c6 6. Be2 Bf5 7.
O-O Nd7 8. Nd3 e6 9. c4 N5f6 10. Nc3 Bd6 11. h3 O-O 12. b3 e5 13. dxe5 Nxe5 14. Nxe5 Bxe5 15. Bb2 Qc7 16. Bd3 Rad8 17. Bxf5 Rxd1 18. Raxd1 Qa5 0-1

[Event "*** Titled Tuesday Blitz"]
[Site "Chess.com"]
[Date "2020.10.27"]
[Round "11"]
[White "Deepweb2020"]
[Black "CakeinSpace2002"]
[Result "1-0"]
[WhiteElo "2252"]
[BlackElo "2341"]
[TimeControl "180+1"]
[EndTime "12:01:52 PDT"]
[Termination "Deepweb2020 won by resignation"]

1. d4 Nf6 2. c4 e6 3. g3 Bb4+ 4. Bd2 c5 5. Bg2 O-O 6. Nf3 Bxd2+ 7. Qxd2 d6 8. Nc3 Nc6 9. dxc5 dxc5 10. O-O-O Qa5 11.
Kb1 Qa6 12. Nb5 Bd7 13. Nc7 Qxc4 14. Nxa8 Rxa8 15. Qc2 Qa6 16. Qxc5 Rc8 17. Ne5 Nxe5 18. Qxc8+ Bxc8 19. Rd8+ 1-0

[Event "*** Titled Tuesday Blitz"]
[Site "Chess.com"]
[Date "2020.10.27"]
[Round "11"]
[White "mr65"]
[Black "Mimsychess"]
[Result "1-0"]
[WhiteElo "2211"]
[BlackElo "2313"]
[TimeControl "180+1"]
[EndTime "12:01:52 PDT"]
[Termination "mr65 won by resignation"]

1. e4 c6 2. Nc3 d5 3. Nf3 dxe4 4. Nxe4 Nf6 5. Nxf6+ exf6 6. h3 Bd6 7. d4 O-O 8. Be2 Re8 9. O-O Nd7 10. c4 Qc7 11. Bd3 Nf8 12. d5 Ng6 13. Qc2 cxd5 14. cxd5 Qxc2 15. Bxc2 Bd7 16. Be3 Rac8 17. Rac1 Bc5 18. Bxc5 Rxc5 19. Bxg6 Rxc1 20. Bxh7+ Kxh7 21. Rxc1 Bb5 22. Rc7 Rd8 23. Rxb7 Rd7 24. Rxb5 1-0

[Event "*** Titled Tuesday Blitz"]
[Site "Chess.com"]
[Date "2020.10.27"]
[Round "11"]
[White "Akhayan"]
[Black "natelleka"]
[Result "0-1"]
[WhiteElo "2252"]
[BlackElo "2203"]
[TimeControl "180+1"]
[EndTime "12:02:06 PDT"]
[Termination "natelleka won by resignation"]

1. d4 d5 2. Nf3 c5 3. g3 Nf6 4. Bg2 Nc6 5. O-O g6 6. c4 Bg7 7. dxc5 O-O 8. cxd5 Nxd5 9. Na3 Ndb4 10. Nc4 Be6 11. Ne3 Qxd1 12. Nxd1 Nc2 13. Be3 Nxa1 14. Nc3 Nc2 15. Bg5 h6 16. Bf4 g5 17. Bd2 N2b4 18.
Rc1 Rad8 0-1

[Event "*** Titled Tuesday Blitz"]
[Site "Chess.com"]
[Date "2020.10.27"]
[Round "11"]
[White "Chernobay_Artem"]
[Black "Sergey85Rodchenkov"]
[Result "1-0"]
[WhiteElo "2627"]
[BlackElo "2470"]
[TimeControl "180+1"]
[EndTime "12:02:13 PDT"]
[Termination "Chernobay_Artem won by resignation"]

1. d4 Nf6 2. c4 e6 3. Nf3 b6 4. g3 Bb7 5. Bg2 Be7 6. O-O O-O 7. d5 exd5 8. Nh4 c6 9. cxd5 cxd5 10. Nc3 Na6 11.
Nf5 Nc5 12. Nxd5 Nxd5 13. Bxd5 Bxd5 14. Qxd5 Bf6 15. Rb1 a5 16. Bf4 Re8 17. Nd6 Re6 18.
e4 a4 19. e5 Be7 20. Nf5 Bf8 21. Rfd1 Ra5 22. b4 axb3 23. axb3 Qa8 24. b4 1-0

[Event "*** Titled Tuesday Blitz"]
[Site "Chess.com"]
[Date "2020.10.27"]
[Round "11"]
[White "Roza_Idrisova"]
[Black "shriyanasmallya"]
[Result "1-0"]
[WhiteElo "2180"]
[BlackElo "1691"]
[TimeControl "180+1"]
[EndTime "12:02:18 PDT"]
[Termination "Roza_Idrisova won by checkmate"]

1. d4 d5 2. Nf3 Nf6 3. Bg5 e6 4. Nbd2 Be7 5. e3 Nbd7 6. Bd3 h6 7. Bh4 b6 8. O-O Bb7 9. c4 c6 10. Rc1 O-O 11. a3 dxc4 12. Nxc4 b5 13. Nce5 Nxe5 14.
Nxe5 Rc8 15. b4 Nd7 16. Bxe7 Qxe7 17. Nxd7 Qxd7 18. Bb1 f5 19. Rc5 Qf7 20. Ba2 Qg6 21. Qf3 Kh7 22. Rfc1 Kh8 23. Re5 c5 24. Qxb7 c4 25.
Qxb5 c3 26. Rxe6 Qg5 27. Qe5 c2 28. f4 Qh5 29. Kf2 Qd1 30. Rxh6# 1-0

[Event "*** Titled Tuesday Blitz"]
[Site "Chess.com"]
[Date "2020.10.27"]
[Round "11"]
[White "mjray79"]
[Black "FloMaster111"]
[Result "1-0"]
[WhiteElo "2467"]
[BlackElo "2604"]
[TimeControl "180+1"]
[EndTime "12:02:23 PDT"]
[Termination "mjray79 won by resignation"]

1. d4 d5 2. c4 e6 3. Nf3 Nf6 4. g3 dxc4 5. Bg2 a6 6. O-O Nc6 7. e3 Rb8 8. b3 cxb3 9. Qxb3 Be7 10. Rd1 O-O 11. Nc3 Nd5 12. Ne5 Nxc3 13. Nxc6 bxc6 14. Qxc3 c5 15. Ba3 cxd4 16. Rxd4 Qe8 17. Bc6 Bxa3 18. Bxe8 Bb2 19. Qxc7 Bb7 20. Qxb8 1-0

[Event "*** Titled Tuesday Blitz"]
[Site "Chess.com"]
[Date "2020.10.27"]
[Round "11"]
[White "SantoBlue"]
[Black "MomchilPetkov"]
[Result "1-0"]
[WhiteElo "2832"]
[BlackElo "2642"]
[TimeControl "180+1"]
[EndTime "12:02:47 PDT"]
[Termination "SantoBlue won by resignation"]

1. e4 g6 2. d4 Bg7 3. Nf3 c6 4. h3 d5 5. e5 Nh6 6. Be2 f6 7. O-O Nf7 8. exf6 exf6 9. c4 O-O 10. Nc3 Be6 11. cxd5 Bxd5 12. Nxd5 Qxd5 13. Bf4 Nd7 14.
Rc1 Nb6 15. a4 a5 16. Bc7 Nc8 17. Bc4 Qd7 18. Bg3 Nb6 19. Ba2 Nd5 20. Nd2 f5 21.
Nc4 f4 22. Bh2 g5 23. Re1 Rfe8 24. Qh5 Qf5 25. Bb1 Qf6 26. Bxh7+ Kf8 27. Bg6 Rad8 28. Rxe8+ Kxe8 29. Ne5 1-0

[Event "*** Titled Tuesday Blitz"]
[Site "Chess.com"]
[Date "2020.10.27"]
[Round "11"]
[White "PawnEatingZombie"]
[Black "TheSodabread"]
[Result "0-1"]
[WhiteElo "2144"]
[BlackElo "1944"]
[TimeControl "180+1"]
[EndTime "12:02:56 PDT"]
[Termination "TheSodabread won by resignation"]

1. d4 Nf6 2. c4 e5 3. dxe5 Ne4 4. a3 b6 5. Qc2 Bb7 6. Nf3 Bc5 7. e3 O-O 8. Nc3 Nxc3 9. Qxc3 Nc6 10. b4 Be7 11. Bb2 a5 12. b5 Nb8 13. Be2 f6 14. O-O fxe5 15. Nxe5 Bf6 16. c5 bxc5 17. Qxc5 d6 18. Qc4+ Kh8 19. Nd3 Bxb2 20. Nxb2 Qg5 21. Qg4 Qf6 22.
Nc4 Bc8 23. Qg3 Bb7 24. a4 Nd7 25. Rac1 Qh6 26. Nd2 Rf6 27. Rxc7 Rg6 28. Rxb7 Rxg3 29. hxg3 Nc5 30. Rc1 Nxb7 0-1

[Event "*** Titled Tuesday Blitz"]
[Site "Chess.com"]
[Date "2020.10.27"]
[Round "11"]
[White "Shubinkirill2003"]
[Black "Th3_Hound"]
[Result "1-0"]
[WhiteElo "2691"]
[BlackElo "2516"]
[TimeControl "180+1"]
[EndTime "12:03:04 PDT"]
[Termination "Shubinkirill2003 won by resignation"]

1. e4 e5 2. Nf3 Nc6 3. Bb5 a6 4. Ba4 Nf6 5. O-O Be7 6. Re1 b5 7. Bb3 d6 8. c3 O-O 9. h3 Bb7 10. d4 Nd7 11. Nbd2 Bf6 12. Nf1 exd4 13. cxd4 Re8 14. Bf4 Na5 15. Bc2 c5 16. e5 Bxf3 17. Qd3 Be4 18. Rxe4 c4 19. Qg3 Bh4 20. Qf3 dxe5 21.
dxe5 Nc5 22. Rd1 Qe7 23. Red4 Ra7 24. Be3 g6 25. Rxh4 Qxh4 26. Bxc5 Raa8 27. Rd7 1-0

[Event "*** Titled Tuesday Blitz"]
[Site "Chess.com"]
[Date "2020.10.27"]
[Round "11"]
[White "MashaFromRussia"]
[Black "Morshynska"]
[Result "0-1"]
[WhiteElo "2344"]
[BlackElo "2227"]
[TimeControl "180+1"]
[EndTime "12:03:08 PDT"]
[Termination "Morshynska won by resignation"]

1. d4 d5 2. c4 c6 3. Nf3 Nf6 4. Nc3 e6 5. g3 Nbd7 6. Bg2 Bd6 7.
O-O O-O 8. b3 Ne4 9. Qc2 f5 10.
Nxe4 fxe4 11. Ng5 Nf6 12. f3 exf3 13. exf3 e5 14. Bb2 exd4 15. Bxd4 g6 16. Rad1 Bf5 17. Qc3 Nd7 18. Bg7 Qxg5 19. Bxf8 Bxf8 20. cxd5 cxd5 21.
f4 Qf6 22. Bxd5+ Kh8 23. Qc7 Qb6+ 24. Qxb6 axb6 25. Bxb7 Rxa2 26. Bc8 Bc5+ 0-1

[Event "*** Titled Tuesday Blitz"]
[Site "Chess.com"]
[Date "2020.10.27"]
[Round "11"]
[White "AIROPITO7"]
[Black "fireheart92"]
[Result "0-1"]
[WhiteElo "2603"]
[BlackElo "2835"]
[TimeControl "180+1"]
[EndTime "12:03:11 PDT"]
[Termination "fireheart92 won by resignation"]

1. e4 c5 2. Nf3 d6 3. Bc4 Nf6 4. e5 dxe5 5. Nxe5 e6 6. Qe2 Bd6 7. b3 O-O 8. Bb2 Qc7 9. O-O a6 10.
a4 b6 11. f4 Bb7 12. Bd3 Nd5 13. g3 Nb4 14. Na3 Nxd3 15. cxd3 Nc6 16. Nac4 Rad8 17. Nxd6 Rxd6 18. Qg4 f6 19. Nc4 Rxd3 20. Qxe6+ Kh8 21.
Rae1 b5 22. axb5 axb5 23. Na3 Rxd2 24. Bc3 Rg2+ 25. Kxg2 Nd4+ 26. Kh3 0-1

[Event "*** Titled Tuesday Blitz"]
[Site "Chess.com"]
[Date "2020.10.27"]
[Round "11"]
[White "xberli"]
[Black "Chessalary"]
[Result "1-0"]
[WhiteElo "2532"]
[BlackElo "2397"]
[TimeControl "180+1"]
[EndTime "12:03:18 PDT"]
[Termination "xberli won by resignation"]

1. e4 c5 2. Nf3 d6 3. d4 cxd4 4.
Nxd4 Nf6 5. Nc3 a6 6. Bg5 e6 7. f4 Nbd7 8. Qf3 Qc7 9. O-O-O b5 10.
f5 Ne5 11. Qh3 Nfg4 12. fxe6 fxe6 13. Qg3 b4 14. Na4 Be7 15. Bxe7 Qxe7 16. Nb6 Rb8 17. Nxc8 Rxc8 18. Bxa6 Rc5 19. Bb5+ Kd8 20. Ba4 Nf6 21. Rhe1 Ra5 22. Nc6+ Nxc6 23. Rxd6+ Ke8 24. Bxc6+ Kf7 25. e5 Rxa2 26. exf6 Qxf6 27. Rd7+ Kg8 28. Qb8+ 1-0

[Event "*** Titled Tuesday Blitz"]
[Site "Chess.com"]
[Date "2020.10.27"]
[Round "11"]
[White "LubovMarkelova"]
[Black "ARTHURMOTIVATOR"]
[Result "0-1"]
[WhiteElo "2247"]
[BlackElo "2371"]
[TimeControl "180+1"]
[EndTime "12:03:19 PDT"]
[Termination "ARTHURMOTIVATOR won by resignation"]

1. d4 Nf6 2. Nf3 g6 3. c4 c5 4. d5 Bg7 5. Nc3 O-O 6. e4 d6 7. Bd3 e6 8. Bd2 Na6 9. a3 e5 10. O-O h6 11. Qc1 Kh7 12. Rb1 Nh5 13. b4 g5 14. Be3 Nf4 15. Bxf4 gxf4 16. g3 Rg8 17. Be2 Bf6 18. Kh1 Bh3 19. Rg1 fxg3 20. Rxg3 Qd7 21.
b5 Rxg3 22. b6 0-1

[Event "*** Titled Tuesday Blitz"]
[Site "Chess.com"]
[Date "2020.10.27"]
[Round "11"]
[White "Borsuk_Konstantin"]
[Black "anon102030"]
[Result "1-0"]
[WhiteElo "2590"]
[BlackElo "2725"]
[TimeControl "180+1"]
[EndTime "12:03:21 PDT"]
[Termination "Borsuk_Konstantin won by resignation"]

1. d4 Nf6 2. c4 e5 3. d5 Bc5 4. e3 d6 5. a3 a5 6. Nc3 O-O 7. h3 Ne8 8. Qc2 f5 9. Bd2 Nf6 10.
O-O-O e4 11. f4 exf3 12. gxf3 Qe7 13. Re1 Nh5 14. Bd3 Na6 15. Kb1 Bd7 16. Nge2 Bb6 17. Nd4 g6 18. Rhg1 Kh8 19. Nce2 Nc5 20. Bc3 Ng7 21.
Nf4 Rf7 22. Rxg6 1-0

[Event "*** Titled Tuesday Blitz"]
[Site "Chess.com"]
[Date "2020.10.27"]
[Round "11"]
[White "MoreChessJulia"]
[Black "ShcufNaiRolf"]
[Result "0-1"]
[WhiteElo "2056"]
[BlackElo "2315"]
[TimeControl "180+1"]
[EndTime "12:03:24 PDT"]
[Termination "ShcufNaiRolf won by resignation"]

1. d4 d5 2. c4 c6 3. Nf3 Nf6 4.
Nc3 e6 5. e3 Nbd7 6. Bd3 dxc4 7. Bxc4 b5 8. Bd3 Bb7 9. O-O Bd6 10. a3 O-O 11. e4 e5 12. d5 cxd5 13. Nxb5 Bb8 14.
Bc2 Nxe4 15. Bxe4 dxe4 16. Nd2 Nc5 17. Qg4 f5 18. Qg3 Nd3 19. Nc4 Qd5 20. Nc3 Qxc4 21. Bh6 Qc7 22. Rad1 Qf7 23. f3 Qg6 24. Qxg6 hxg6 25.
Bc1 Nxc1 26. Rxc1 exf3 27. gxf3 a6 28. Rfd1 Ba7+ 29. Kg2 Rfd8 30. Na4 Rxd1 31. Rxd1 Bc6 32. Nc3 Bd4 0-1